 Dungeon Crawl Stone Soup version 0.31-a0-232-gb1c03b2570 (webtiles) character file.

Game seed: 8918414094909042709

112 qw the Shooter (level 4, -1/36 HPs)
             Began as a Minotaur Hexslinger on July 7, 2023.
             Succumbed to an orc wizard's poison
             ... on level 4 of the Dungeon.
             The game lasted 00:00:48 (2141 turns).

qw the Shooter (Minotaur Hexslinger)                Turns: 2141, Time: 00:00:48

Health: -1/36      AC:  7    Str: 12    XL:     4   Next: 64%
Magic:  4/4        EV: 11    Int: 10    God:
Gold:   874        SH:  0    Dex: 15    Spells: 4/5 levels left

rFire   . . .        Y - +3 sling
rCold   . . .        (no shield)
rNeg    . . .        j - +0 ring mail
rPois   .            (helmet restricted)
rElec   .            f - +0 cloak
rCorr   .            (no gloves)
SInv    +            c - +0 pair of boots
Will    .....        p - amulet of the acrobat
Stlth   +            g - ring of see invisible
HPRegen 0.26/turn    (no ring)
MPRegen 0.09/turn

%: acrobat
@: lethally poisoned (-1 -> -13), about to teleport
A: horns 2, retaliatory headbutt
a: no special abilities


You were on level 4 of the Dungeon.
You visited 1 branch of the dungeon, and saw 4 of its levels.

You collected 874 gold pieces.


Innate Abilities, Weirdness & Mutations

You have a pair of horns on your head.
You reflexively headbutt those who attack you in melee.


   Skills:
 + Level 2.0 Fighting
 - Level 5.0 Ranged Weapons
 - Level 1.2 Armour
 - Level 2.1 Dodging
 - Level 1.0 Spellcasting
 - Level 2.0 Hexes


You had 4 spell levels left.
You knew the following spells:

 Your Spells              Type           Power      Damage    Failure   Level
a - Slow                  Hex            16%        N/A       34%         1

Your spell library contained the following spells:

 Spells                   Type           Power      Damage    Failure   Level
 Inner Flame              Hex/Fire       2%         N/A       83%         3
 Portal Projectile        Hex/Tloc       4%         N/A       83%         3
 Cause Fear               Hex            2%         N/A       98%         4

Inventory:

Hand Weapons
 Y - a +3 sling (weapon)
Armour
 c - a +0 pair of boots (worn)
 f - a +0 cloak (worn)
 j - a +0 ring mail (worn)
Jewellery
 g - a ring of see invisible (left hand)
 p - an amulet of the acrobat (around neck)
Scrolls
 a - 2 scrolls of teleportation
 b - a scroll of identify
Potions
 d - a potion of cancellation
 e - a potion of berserk rage {unknown}
 h - a potion of might {unknown}
 i - a potion of brilliance {unknown}
 k - a potion of invisibility {unknown}
 l - a potion of heal wounds {unknown}
 m - a potion of enlightenment {unknown}
 n - a potion of lignification {unknown}
 o - a potion of attraction {unknown}
 t - a potion of curing {unknown}
 u - a potion of ambrosia {unknown}

Dungeon Overview and Level Annotations

Branches:
Dungeon (4/15)
 Temple: D:4-7

Altars:


Message History

You kill the orc!
The orc wizard points at you and mumbles some strange words.
You are confused.
The orc wizard misses you.
The orc wizard hits you with a +0 dagger of venom.
You are poisoned.
You feel less confused.
You feel very sick. The orc wizard closely misses you.
You shoot a sling bullet. The sling bullet hits the orc wizard.
The orc wizard is moderately wounded.
You feel very sick.
The orc wizard hits you with a +0 dagger of venom.
You are more poisoned.
You shoot a sling bullet.
The sling bullet hits the orc wizard but does no damage.
The orc wizard is moderately wounded.
You feel very sick.
The orc wizard hits you but does no damage.
You are more poisoned.
You shoot a sling bullet.
The sling bullet hits the orc wizard but does no damage.
The orc wizard is moderately wounded.
You feel very sick. The orc wizard barely misses you. You furiously retaliate!
You headbutt the orc wizard.
The orc wizard hits you with a +0 dagger of venom.
You are more poisoned.
You shoot a sling bullet.
The sling bullet closely misses the orc wizard.
You feel extremely sick. The orc wizard barely misses you.
2140 ||| READING 3 scrolls of teleportation.
As you read the scroll of teleportation, it crumbles to dust.
You feel strangely unstable.
You feel very sick. The orc wizard barely misses you.
You shoot a sling bullet.
The sling bullet closely misses the orc wizard.
You die...

#.######## #.# #.#
#.# #.# #.#
#######.#
#.......##########
#.#####...@o.?)...
#......./...
#..#.#####).
#..#.# #..#.#
...... #......
#.#.....


You could see an orc wizard (invisible).

Vanquished Creatures
  5 adders
  2 dart slugs
  4 orcs
  8 ball pythons
  7 bats
  4 endoplasms
  5 hobgoblins
  4 jackals (D:1)
  5 quokkas
  3 frilled lizards
  4 goblins
  5 kobolds
  A rat (D:2)
57 creatures vanquished.

Notes
Turn   | Place    | Note
-------+----------+-------------------------------------------
     0 | D:1      | qw the Minotaur Hexslinger began the quest for the Orb.
     0 | D:1      | Reached XP level 1. HP: 16/16 MP: 1/1
     0 | D:1      | 0 ||| qw: Version: 0.3-a-46-gb1f654a
     0 | D:1      | 0 ||| qw: Game counter: 2387
     0 | D:1      | 0 ||| qw: Melee chars always use a shield: true
     0 | D:1      | 0 ||| qw: God list: Okawaru
     0 | D:1      | 0 ||| qw: Allow faded altars: false
     0 | D:1      | 0 ||| qw: Do Orc after clearing Dungeon:15 true
     0 | D:1      | 0 ||| qw: Do second Lair branch before Depths: true
     0 | D:1      | 0 ||| qw: Lair rune preference: random
     0 | D:1      | 0 ||| qw: Goals: Normal
     0 | D:1      | 0 ||| PLANNING D:1-11
   200 | D:1      | Reached skill level 3 in Ranged Weapons
   200 | D:1      | Reached XP level 2. HP: 23/23 MP: 2/2
   495 | D:1      | You fall into a shaft and drop 1 floor!
   506 | D:2      | Reached XP level 3. HP: 14/29 MP: 3/3
   571 | D:2      | 571 ||| DROPPING scarf of invisibility.
   572 | D:2      | 572 ||| UPGRADING to +0 cloak.
   577 | D:2      | 577 ||| UPGRADING to +0 leather armour.
   587 | D:2      | 587 ||| DROPPING +0 robe.
   588 | D:2      | 588 ||| UPGRADING to +0 ring mail.
   598 | D:2      | 598 ||| DROPPING +0 leather armour.
   599 | D:2      | 599 ||| READING scroll labelled SUW NEAZOAPU.
   600 | D:2      | 600 ||| DROPPING scroll of poison.
  1227 | D:2      | Reached skill level 4 in Ranged Weapons
  1279 | D:2      | Reached skill level 1 in Armour
  1438 | D:2      | Reached XP level 4. HP: 36/36 MP: 4/4
  1635 | D:2      | 1635 ||| UPGRADING to +0 pair of boots.
  1640 | D:2      | 1640 ||| UPGRADING to amulet of the acrobat.
  1645 | D:2      | 1645 ||| UPGRADING to ring of see invisible.
  1646 | D:2      | 1646 ||| READING 4 scrolls labelled BEAXOA BABIZ.
  1650 | D:2      | 1650 ||| READING 2 scrolls labelled ECVURY AGREISH.
  2092 | D:3      | 2092 ||| READING scroll labelled ELUMEA NIJA.
  2093 | D:3      | 2093 ||| READING scroll labelled BAPSOA JAOTUFF.
  2093 | D:3      | Identified a scroll of acquirement
  2093 | D:3      | 2093 ||| ACQUIRING 709 gold pieces
  2093 | D:3      | Acquired 709 gold pieces
  2095 | D:3      | 2095 ||| READING scroll labelled ADATIR YFEG.
  2096 | D:3      | 2096 ||| READING 2 scrolls labelled LYSESY UNOC.
  2097 | D:3      | 2097 ||| READING scroll of enchant weapon.
  2097 | D:3      | 2097 ||| ENCHANTING +2 sling.
  2098 | D:3      | 2098 ||| READING 2 scrolls of identify.
  2098 | D:3      | 2098 ||| IDENTIFYING blue potion
  2128 | D:4      | Reached skill level 5 in Ranged Weapons
  2139 | D:4      | HP: 7/36 [poisoned by an orc wizard]
  2140 | D:4      | 2140 ||| READING 3 scrolls of teleportation.
  2140 | D:4      | HP: 3/36 [poisoned by an orc wizard]
  2141 | D:4      | Succumbed to an orc wizard's poison

Levels and vault maps discovered:
D:1:      ncdulo_halloftheorcs, layout_basic
D:2:      layout_basic, minmay_between
D:3:      layout_basic
D:4:      layout_loops_ring, lemuel_mausoleum_altar_yredelemnul,
          nicolae_overflow_crystal_walls, minmay_temple_entry_poolview,
          kennysheep_cross_room, minmay_cupped

Skill      XL: |  1  2  3  4 |
---------------+-------------+-----
Ranged Weapons | 3 4 5 |  5.0
Fighting       | 2 |  2.0
Armour         | 1 |  1.2
Dodging        | |  2.1
Spellcasting   | |  1.0
Hexes          | |  2.0

Action                     |  1- 3 |  4- 6 || total
---------------------------+-------+-------++-------
   Fire: Sling             |   104 |    68 ||   172
    Use: Scroll            |     1 |     9 ||    10
 Armour: Robe              |     7 |       ||     7
         Ring mail         |     5 |    14 ||    19
  Dodge: Dodged            |    40 |    19 ||    59

Table legend:
 A = Non-vault XP
 B = Vault XP
 C = Vault XP percentage of total XP
 D = Non-vault monster count
 E = Vault monster count
 F = Vault count percentage of total count
                 A         B        C        D         E       F
            +---------+---------+-------+---------+---------+-------
      Total |     140 |      21 |  13.0 |      51 |       6 |  10.5
            +---------+---------+-------+---------+---------+-------
        D:1 |      34 |       0 |   0.0 |      19 |       0 |   0.0
        D:2 |      50 |      21 |  29.6 |      15 |       6 |  28.6
        D:3 |      47 |       0 |   0.0 |      14 |       0 |   0.0
        D:4 |       9 |       0 |   0.0 |       3 |       0 |   0.0
            +---------+---------+-------+---------+---------+-------
